 Dungeon Crawl Stone Soup version 0.32-a0-411-g744942f433 (webtiles) character file.

Game seed: 1992031716451583707

28 Bravepunisher the Ducker (level 3, -1/19 HPs)
             Began as a Spriggan Monk on Feb 21, 2024.
             Killed from afar by an orc wizard (8 damage)
             ... with a puff of flame
             ... on level 5 of the Dungeon.
             The game lasted 00:02:53 (541 turns).

Bravepunisher the Ducker (Spriggan Monk)             Turns: 541, Time: 00:02:53

Health: -1/19      AC:  2    Str:  9    XL:     3   Next: 0%
Magic:  4/4        EV: 24    Int: 11    God:
Gold:   37         SH:  0    Dex: 17    Spells: 2/2 levels left

rFire   . . .        a - +0 short sword
rCold   . . .        (no shield)
rNeg    . . .        b - +0 robe
rPois   .            (helmet restricted)
rElec   .            (no cloak)
rCorr   .            (gloves unavailable)
SInv    +            (boots unavailable)
Will    .....        (no amulet)
Stlth   ++           d - +5 ring of evasion
HPRegen 0.23/turn    (no ring)
MPRegen 0.09/turn

%: no passive effects
@: very quick
A: very small, no large weapons, unfitting armour, see invisible, speed 3
a: Convert to Beogh


You were on level 5 of the Dungeon.
You visited 1 branch of the dungeon, and saw 5 of its levels.

You collected 37 gold pieces.

Inventory:

Hand Weapons
 a - a +0 short sword (weapon)
Armour
 b - a +0 robe (worn)
Jewellery
 d - a +5 ring of evasion (left hand)
Scrolls
 f - a scroll of identify {unknown}
 h - 2 scrolls of teleportation {unknown}
 j - 3 scrolls of blinking {unknown}
Potions
 c - a potion of ambrosia
 e - 2 potions of degeneration {unknown}
 g - a potion of heal wounds {unknown}
 i - a potion of haste {unknown}


   Skills:
 + Level 2.8 Fighting
 - Level 3.2 Short Blades
 * Level 5.1 Dodging


You had 2 spell levels left.
You didn't know any spells.
Your spell library contained the following spells:

 Spells                   Type           Power      Damage    Failure   Level
 Sandblast                Erth           0%         2d4       34%         1
 Passwall                 Erth           0%         N/A       71%         3
 Stone Arrow              Conj/Erth      0%         3d7       71%         3
 Brom's Barrelling Bould  Conj/Erth      0%         2d3       98%         4


Dungeon Overview and Level Annotations

Branches:
Dungeon (5/15)
 Temple: D:4-7

Altars:


Innate Abilities, Weirdness & Mutations

You are very small and have problems with some larger weapons.
You are too small for most types of armour.
You have supernaturally acute eyesight. (SInv)
You cover ground extremely quickly. (Speed+++)


Message History

The orc wizard mumbles some strange words.
The orc wizard flickers and vanishes for a moment.
An orc warrior comes into view. It is wielding a +0 war axe.
Unknown command.
The orc warrior shouts!
The orc throws a stone.
The stone completely misses you.
An orc comes into view. It is wielding a +0 heavy hand axe.
The orc shouts! x2
The orc wizard attacks as it pursues you!
The orc wizard closely misses you. The orc barely misses you.
The orc misses you.
You hit the orc.
The orc is heavily wounded.
The orc barely misses you. The orc hits you with a +0 hand axe.
The orc barely misses you. The orc wizard completely misses you.
You hit the orc.
You kill the orc!
The orc barely misses you. The orc completely misses you.
You hit the orc.
The orc is severely wounded.
The orc wizard points at you and mumbles some strange words.
You resist with some effort. The orc misses you.
The orc priest looks encouraged for a moment.
The orc completely misses you.
You hit the orc.
You kill the orc!
The orc wizard points at you and mumbles some strange words.
The magic dart hits you!
Ouch! That really hurt!
The orc completely misses you.
The orc priest threatens, "Beogh's wrath is as vast as their mercy.
Make your choice!" (press Y on the ability menu to convert to Beogh)
You have reached level 3!
Your experience leads to an increase in your attributes!
Increase (S)trength, (I)ntelligence, or (D)exterity?
You feel stronger. x2
You barely miss the hound. The hound completely misses you.
The orc wizard points at you and mumbles some strange words.
The puff of flame hits you!
You die...

##...... #......# ## .
#......### # #.. ..
#......#.## .#..# .
......#@o###..# #. #+#
#...#.hoo.....#
#.##.####...#.#so...ß###
+....#......#.#...#(.#.#
#....#......#.##..ß##o##
#...<#......'.####...#.#
#....'......#.# #..###.#
#....####+###.# ##.##.##
#....#........######.###.##


You could see an orc warrior, a scorpion, a hound, an orc priest, an orc wizard
(invisible) and 2 orcs.

Vanquished Creatures
  An adder (D:3)
  A dart slug (D:4)
  2 orcs (D:5)
  A ball python (D:3)
  A hobgoblin (D:4)
  2 kobolds (D:4)
  A bat (D:3)
9 creatures vanquished.

Notes
Turn   | Place    | Note
-------+----------+-------------------------------------------
     0 | D:1      | Bravepunisher the Spriggan Monk began the quest for the
                  | Orb.
     0 | D:1      | Reached XP level 1. HP: 11/11 MP: 2/2
   268 | D:3      | Noticed an ice beast
   278 | D:3      | Reached XP level 2. HP: 15/16 MP: 3/3
   282 | D:3      | You fall into a shaft and drop 1 floor!
   391 | D:4      | Reached skill level 5 in Dodging
   499 | D:5      | Entered Level 5 of the Dungeon
   515 | D:5      | Noticed a scorpion
   525 | D:5      | Noticed an orc warrior
   541 | D:5      | Reached XP level 3. HP: 6/19 MP: 4/4
   541 | D:5      | Killed from afar by an orc wizard

Illustrated notes

Levels and vault maps discovered:
D:1:      eino_arrival_water_star, layout_rooms,
          chequers_ecumenical_altar_simple_redux
D:2:      layout_loops_cross, minmay_tromino_i4, uniq_sigmund
D:3:      minmay_octagon_keep, layout_loops_corners, serial_bayou,
          serial_bayou_pond_a, serial_bayou_pond_b, serial_bayou_shore_b,
          serial_bayou_lagoon_b, eino_tiny_chamber,
          chequers_serial_rivers_micro_d
D:4:      nicolae_BIG_FREAKIN_CUBE, layout_rooms, minmay_fire_ice_demons
D:5:      layout_gridville, guppyfry_early_orc_mine

Skill      XL: |  1  2 |
---------------+-------+-----
Dodging        | 5 |  5.1
Fighting       | |  2.8
Short Blades   | |  3.2

Action                     || total
---------------------------++-------
  Melee: Short sword       ||    48
 Armour: Robe              ||    15
  Dodge: Dodged            ||    69

Table legend: (Time is in decaauts)
 A = Elapsed time spent in this place.
 B = Non-inter-level travel time spent in this place.
 C = Inter-level travel time spent in this place.
 D = Time resting spent in this place.
 E = Time spent auto-exploring this place.
 F = Levels seen in this place.
 G = Mean time per level.
                   A        B        C        D        E       F      G
               +--------+--------+--------+--------+--------+-----+--------+
         Total |    384 |    384 |      0 |      0 |    126 |   5 |   76.8 |
       Dungeon |    384 |    384 |      0 |      0 |    126 |   5 |   76.8 |
               +--------+--------+--------+--------+--------+-----+--------+

Top non-repeatable levels by time:
     D:4: 170 daAuts
     D:3: 141 daAuts
     D:1: 28 daAuts
     D:5: 27 daAuts
     D:2: 16 daAuts
